 Dungeon Crawl Stone Soup version 0.32-a0-290-g598725c5f2 (webtiles) character file.

Game seed: 13027135976202457016

6 Bravepunisher the Ducker (level 1, 0/11 HPs)
             Began as a Spriggan Monk on Feb 13, 2024.
             Slain by an adder (3 damage)
             ... on level 4 of the Dungeon.
             The game lasted 00:01:43 (452 turns).

Bravepunisher the Ducker (Spriggan Monk)             Turns: 452, Time: 00:01:43

Health: 0/11       AC:  2    Str:  7    XL:     1   Next: 75%
Magic:  2/2        EV: 19    Int: 11    God:
Gold:   49         SH:  0    Dex: 17    Spells: 0/0 levels left

rFire   . . .        a - +0 short sword
rCold   . . .        (no shield)
rNeg    . . .        b - +0 robe
rPois   .            (helmet restricted)
rElec   .            (no cloak)
rCorr   .            (gloves unavailable)
SInv    +            (boots unavailable)
Will    .....        (no amulet)
Stlth   ++           (no ring)
HPRegen 0.21/turn    (no ring)
MPRegen 0.08/turn

%: no passive effects
@: lethally poisoned (0 -> -4), very quick
A: very small, no large weapons, unfitting armour, see invisible, speed 3
a: no special abilities


You were on level 4 of the Dungeon.
You visited 1 branch of the dungeon, and saw 4 of its levels.

You collected 49 gold pieces.

Inventory:

Hand Weapons
 a - a +0 short sword (weapon)
 g - a +1 dagger of venom
Armour
 b - a +0 robe (worn)
Scrolls
 e - a scroll of identify {unknown}
 f - a scroll of teleportation {unknown}
Potions
 c - a potion of ambrosia
 d - a potion of berserk rage {unknown}


   Skills:
 + Level 2.5 Fighting
 - Level 3.2 Short Blades
 * Level 4.4 Dodging


You couldn't memorise any spells.
You didn't know any spells.
Your spell library was empty.

Dungeon Overview and Level Annotations

Branches:
Dungeon (4/15)
 Temple: D:4-7

Altars:
Ru
Vehumet

Annotations:
D:4 3 runed translucent doors, minhee2137's ghost, amateur DgEE


Innate Abilities, Weirdness & Mutations

You are very small and have problems with some larger weapons.
You are too small for most types of armour.
You have supernaturally acute eyesight. (SInv)
You cover ground extremely quickly. (Speed+++)


Message History

The hound attacks as it pursues you! The hound completely misses you.
Found a scroll labelled PIAWOE UC NO IKHLIM.
The hound attacks as it pursues you! The hound completely misses you.
A howler monkey comes into view.
The hound attacks as it pursues you! The hound bites you.
The hound attacks as it pursues you! The hound barely misses you.
Found a book of Scorching.
Found 17 gold pieces.
Found a scroll labelled LAUN ESIRGHUZXIOSCH.
An endoplasm comes into view.
You see here a scroll labelled LAUN ESIRGHUZXIOSCH.
A ribbon worm comes into view.
An adder comes into view.
The helpless adder fails to defend itself.
You puncture the adder!
The adder is severely wounded.
The adder barely misses you.
You barely miss the adder.
The adder is severely wounded.
The adder misses you.
You hit the adder.
The adder is severely wounded.
The adder completely misses you. The ribbon worm bites you.
The adder misses you.
You hit the adder.
The adder is almost dead.
The adder bites you.
You are lethally poisoned!
The adder poisons you!
You hit the adder but do no damage.
The adder is almost dead.
You feel sick. The ribbon worm barely misses you. The adder barely misses you.
You miss the adder.
The adder is almost dead.
You feel sick. The adder completely misses you. The ribbon worm misses you.
You barely miss the adder.
The adder is almost dead.
* * * LOW HITPOINT WARNING * * *
You feel sick. The adder bites you.
You die...

#.# #.# ### #.#
..##.######.#
#.##........#
#.##.#####.h# #
#.##.# #.$####
#.###.##.#
#......
#.S@wh##.#
#..####
#####.##.#####..#
#...?..h....#
#J########### #.#
#.# #.# #.# #.#


You could see a ribbon worm, a hound and an adder.

Vanquished Creatures
  A goblin (D:3)
  A hobgoblin (D:2)
  A quokka (D:2)
3 creatures vanquished.

Notes
Turn   | Place    | Note
-------+----------+-------------------------------------------
     0 | D:1      | Bravepunisher the Spriggan Monk began the quest for the
                  | Orb.
     0 | D:1      | Reached XP level 1. HP: 11/11 MP: 2/2
   244 | D:3      | Found a radiant altar of Vehumet.
   340 | D:4      | Noticed a scorpion
   354 | D:4      | Found a runed translucent gate.
   354 | D:4      | Found a runed translucent gate.
   354 | D:4      | Noticed a howler monkey
   356 | D:4      | Found a runed translucent gate.
   357 | D:4      | Noticed a hound
   362 | D:4      | Noticed minhee2137's ghost (amateur DgEE)
   375 | D:4      | Found a sacrificial altar of Ru.
   387 | D:4      | Noticed a hound
   396 | D:4      | Noticed a howler monkey
   452 | D:4      | Slain by an adder

Illustrated notes

Levels and vault maps discovered:
D:1:      sevenhm_arrival_forest_fort_small_6, layout_basic,
          dreamdust_ecumenical_altar_statues, hangedman_decor_growths, hex_tiny
D:2:      layout_loops_ring
D:3:      layout_loops_corners, vehumet_altar_wand_db,
          overflow_temple_1_default, serial_bayou_pond_d
D:4:      layout_loops_ring, mainiacjoe_overflow_chevrons,
          chequers_temple_overflow_minitemple, gammafunk_ghost_split

Action                     || total
---------------------------++-------
  Melee: Short sword       ||    16
   Stab: Sleeping          ||     1
 Armour: Robe              ||     8
  Dodge: Dodged            ||    22

Table legend: (Time is in decaauts)
 A = Elapsed time spent in this place.
 B = Non-inter-level travel time spent in this place.
 C = Inter-level travel time spent in this place.
 D = Time resting spent in this place.
 E = Time spent auto-exploring this place.
 F = Levels seen in this place.
 G = Mean time per level.
                   A        B        C        D        E       F      G
               +--------+--------+--------+--------+--------+-----+--------+
         Total |    294 |    283 |     11 |      0 |    129 |   4 |   73.5 |
       Dungeon |    294 |    283 |     11 |      0 |    129 |   4 |   73.5 |
               +--------+--------+--------+--------+--------+-----+--------+

Top non-repeatable levels by time:
     D:3: 100 daAuts
     D:4: 68 daAuts
     D:1: 63 daAuts
     D:2: 61 daAuts
